 Dungeon Sprint DCSS version 0.22.1-1-ga44c0e56f4 (webtiles) character file.

8925 MuseOD the Imperceptible (level 11, -1/63 HPs)
             Began as a Spriggan Enchanter on Sept 27, 2018.
             Was a High Priest of Dithmenos.
             Killed by divine providence
             ... invoked by an orc priest
              (9 damage)
             ... in the Dungeon (Sprint III: "The Ten Rune Challenge").
             The game lasted 00:05:43 (1867 turns).

MuseOD the Imperceptible (Spriggan Enchanter)       Turns: 1867, Time: 00:05:43

Health: -1/63      AC:  2    Str:  4    XL:     11   Next: 16%
Magic:  14/28      EV: 18    Int: 21    God:    Dithmenos [*****.]
Gold:   42         SH:  0    Dex: 16    Spells: 23/35 levels left

rFire    . . .     SeeInvis +   a - +1 dagger
rCold    . . .     Gourm    .   (shield restricted)
rNeg     . . .     Faith    .   b - +0 robe
rPois    .         Spirit   .   (helmet restricted)
rElec    .         Reflect  .   (no cloak)
rCorr    .         Harm     .   (gloves unavailable)
MR       +....     NoTele   +   (boots unavailable)
Stlth    ++++++++++             (no amulet)
HPRegen  0.20/turn              (no ring)
MPRegen  0.21/turn              (no ring)

@: wreathed by umbra, very quick
A: very small, unfitting armour, see invisible, herbivore, speed 3, slow
metabolism 2
a: Shadow Step, Shadow Form, Renounce Religion


You were in the Dungeon.
You worshipped Dithmenos.
Dithmenos was extremely pleased with you.
You were not hungry.

You visited 1 branch You collected 42 gold pieces.

Inventory:

Hand Weapons
 a - a +1 dagger (weapon)
Armour
 b - a +0 robe (worn)
Wands
 s - a wand of polymorph (16)
Scrolls
 c - 2 scrolls of magic mapping {unknown}
 j - a scroll of blinking
 l - a scroll of torment {unknown}
 m - a scroll of fog {unknown}
 n - 4 scrolls of remove curse
 p - a scroll of holy word {unknown}
 q - 2 scrolls of identify
Potions
 e - 2 potions of curing
 f - a potion of heal wounds
 g - a potion of haste
 h - 2 potions of magic
 i - 2 potions of berserk rage
 k - 5 potions of mutation
 o - a potion of flight {unknown}
 r - a potion of resistance {unknown}
 t - a potion of might
Comestibles
 d - 4 rations


   Skills:
 + Level 9.9 Fighting
 + Level 13.1 Short Blades
 - Level 3.0 Dodging
 + Level 22.0 Stealth
 - Level 12.9 Spellcasting
 - Level 13.1 Hexes


You had 23 spell levels left.
You knew the following spells:

 Your Spells              Type           Power        Failure   Level  Hunger
a - Corona                Hex            ######.      1%          1    None
b - Ensorcelled Hibernat  Hex/Ice        #####.       1%          2    None
c - Confuse               Hex            ######..     1%          3    None
d - Dazzling Spray        Conj/Hex       #####.       1%          3    None
e - Tukima's Dance        Hex            ######..     1%          3    None

Your spell library contained the following spells:

 Spells                   Type           Power        Failure   Level  Hunger
 Confusing Touch          Hex            ######       1%          1    None
 Animate Skeleton         Necr           N/A          4%          1    None
 Apportation              Tloc           ##....       4%          1    None
 Summon Small Mammal      Summ           ##..         4%          1    None


Dungeon Overview and Level Annotations

Branches:
Dungeon (1/1)

Altars:
Dithmenos
Elyvilon
Kikubaaqudgha
Okawaru
Ru
Sif Muna
Trog
Uskayaw
Vehumet
Wu Jian
Yredelemnul
Zin
The Shining One
Beogh

Shops:
D *


Innate Abilities, Weirdness & Mutations

You are very small and have problems with some larger weapons.
You are too small for most types of armour.
You have supernaturally acute eyesight. (SInv)
You are a herbivore.
You cover ground extremely quickly.
You need to consume almost no food.


Message History

You hit the orc.
You kill the orc!
Dithmenos accepts your kill.
The orc priest invokes the aid of Beogh against you.
Beogh smites you!
Casting: Ensorcelled Hibernation (safe; 1% risk of failure)
Confirm with . or Enter, or press ? or * to list all spells.
Aiming: Ensorcelled Hibernation (safe; 1% risk of failure)
Press: ? - help, Shift-Dir - straight line, p - orc The orc looks drowsy...
The orc warrior barely misses you.
The orc priest invokes the aid of Beogh against you.
Beogh smites you!
* * * LOW HITPOINT WARNING * * *
There is an open door to the Orcish Mines here.
The orc priest begins to cast a cantrip, but forgets the words!
Unknown command.
The orc priest suddenly jeers, as Orcs often do.
The orc priest invokes the aid of Beogh against you.
Beogh smites you!
You die...

♣.#___#___#__####$##$$.
♣.#)..#__)#._#oo...oo.$
♣♣♣.###'#'###'##ooo...o.$
.♣..#..........#.o..oo..#
♣...'.⌠........#o####$$∩#
≈.♣.#...######'#o# #$$
....#.⌠.#
#...#'################
....#...#
#...#.§§§§§.#.'...'.#.
....#'###
#...#@#§§≈#.#.#...##.#
....#.).#
#...'.#§§.#.#.#)..#.#.
....#___#
+...#.#§)§#...#)).##.#
▓▓▓▓▓▓▓▓▓
▓▓▓▓▓▓▓▓▓▓▓▓▓▓▓▓▓▓#.#.
##.# +.#. ##.# ##'# #.(.


You could see an orc warrior, 2 orc priests and 4 orcs.

Vanquished Creatures
  Sigmund (D)
  Josephine (D)
  2 yaktaur captains (D)
  A centaur warrior (D)
  An unseen horror (D)
  A deep elf mage (D)
  Edmund (D)
  A yaktaur (D)
  2 orc high priests (D)
  A shadow (D)
  A necrophage (D)
  2 centaurs (D)
  A water elemental (D)
  A jelly (D)
  An orc priest (D)
  A wizard (D)
  A necromancer (D)
  A kobold demonologist (D)
  3 humans (D)
  A wolf (D)
  2 oozes (D)
  5 orcs (D)
  2 rats (D)
34 creatures vanquished.

Vanquished Creatures (others)
  2 draconian scorchers (D)
  6 hellions (D)
  A yaktaur (D)
  3 ball lightnings (D)
  2 ballistomycetes (D)
  5 ballistomycete spores (D)
  11 plants (D)
30 creatures vanquished.

Grand Total: 64 creatures vanquished

Notes
Turn   | Place    | Note
-------+----------+-------------------------------------------
     0 | D        | MuseOD the Spriggan Enchanter began the quest for the Orb.
     0 | D        | Reached XP level 1. HP: 9/9 MP: 5/5
     4 | D        | Reached skill level 1 in Fighting
     4 | D        | Reached skill level 5 in Stealth
     7 | D        | Reached XP level 2. HP: 14/14 MP: 6/6
    20 | D        | Learned a level 2 spell: Ensorcelled Hibernation
    73 | D        | Reached skill level 6 in Stealth
    73 | D        | Reached XP level 3. HP: 6/18 MP: 5/8
    78 | D        | Learned a level 3 spell: Confuse
   125 | D        | Killed a hellion
   126 | D        | Killed a hellion
   126 | D        | Killed a hellion
   126 | D        | Killed a hellion
   128 | D        | Killed a yaktaur
   141 | D        | Killed a hellion
   192 | D        | Killed a white draconian scorcher
   203 | D        | Killed a white draconian scorcher
   262 | D        | Killed a hellion
   378 | D        | Reached skill level 5 in Short Blades
   413 | D        | Noticed a water elemental
   416 | D        | Killed a water elemental
   416 | D        | Reached skill level 8 in Stealth
   416 | D        | Reached skill level 5 in Hexes
   416 | D        | Reached XP level 4. HP: 23/23 MP: 5/11
   470 | D        | Found a glowing silver altar of Zin.
   470 | D        | Found a glowing golden altar of the Shining One.
   470 | D        | Found a white marble altar of Elyvilon.
   471 | D        | Noticed a deep elf mage
   473 | D        | Killed a deep elf mage
   473 | D        | Reached skill level 13 in Stealth
   473 | D        | Reached XP level 5. HP: 27/27 MP: 12/18
   473 | D        | Reached XP level 6. HP: 32/32 MP: 12/19
   480 | D        | Learned a level 3 spell: Dazzling Spray
   484 | D        | Learned a level 3 spell: Tukima's Dance
   524 | D        | Found a basalt altar of Yredelemnul.
   524 | D        | Found a shadowy altar of Dithmenos.
   524 | D        | Found a sacrificial altar of Ru.
   526 | D        | Reached skill level 10 in Hexes
   526 | D        | Reached XP level 7. HP: 35/35 MP: 21/21
   527 | D        | Reached skill level 10 in Spellcasting
   531 | D        | Became a worshipper of Dithmenos the Shadowed
   545 | D        | Found a radiant altar of Vehumet.
   545 | D        | Found a deep blue altar of Sif Muna.
   545 | D        | Found an ancient bone altar of Kikubaaqudgha.
   556 | D        | Reached skill level 14 in Stealth
   579 | D        | Found a hide-covered altar of Uskayaw.
   579 | D        | Found a roughly hewn altar of Beogh.
   579 | D        | Found an iron altar of Okawaru.
   579 | D        | Found a bloodstained altar of Trog.
   579 | D        | Found an ornate altar of the Wu Jian Council.
   579 | D        | Noticed a human
   580 | D        | Noticed a human
   582 | D        | Killed a human
   582 | D        | Reached * piety under Dithmenos
   583 | D        | Killed a human
   595 | D        | Noticed a shadow
   609 | D        | Reached skill level 15 in Stealth
   617 | D        | Killed a shadow
   617 | D        | Reached ** piety under Dithmenos
   617 | D        | Reached XP level 8. HP: 39/39 MP: 18/24
   651 | D        | Noticed Josephine
   653 | D        | Killed Josephine
   653 | D        | Reached skill level 16 in Stealth
  1143 | D        | Noticed a centaur warrior
  1145 | D        | Reached skill level 17 in Stealth
  1147 | D        | Killed a centaur warrior
  1147 | D        | Reached skill level 18 in Stealth
  1147 | D        | Reached XP level 9. HP: 46/46 MP: 26/26
  1148 | D        | Reached *** piety under Dithmenos
  1157 | D        | Noticed an unseen horror
  1159 | D        | Killed an unseen horror
  1159 | D        | Reached skill level 5 in Fighting
  1173 | D        | Noticed Sigmund
  1173 | D        | Noticed Edmund
  1190 | D        | Killed Edmund
  1204 | D        | Killed Sigmund
  1204 | D        | Reached skill level 21 in Stealth
  1204 | D        | Reached XP level 10. HP: 51/57 MP: 14/27
  1275 | D        | Noticed a yaktaur captain
  1277 | D        | Noticed an orange demon
  1320 | D        | Reached **** piety under Dithmenos
  1427 | D        | Noticed a yaktaur captain
  1428 | D        | Killed a yaktaur captain
  1428 | D        | Reached XP level 11. HP: 46/62 MP: 21/28
  1777 | D        | Killed a yaktaur captain
  1777 | D        | Reached skill level 22 in Stealth
  1840 | D        | Found Dusiphif's General Store.
  1858 | D        | Reached ***** piety under Dithmenos
  1867 | D        | Killed from afar by an orc priest

Skill      XL: |  1  2  3  4  5  6  7  8  9 10 11 |
---------------+----------------------------------+-----
Fighting       | 1 2 4 8 9 |  9.9
Short Blades   | 3 4 5 7 12 13 | 13.1
Stealth        | 5 6 8 13 15 18 21 22 | 22.0
Spellcasting   | 4 9 11 12 | 12.9
Hexes          | 5 9 10 11 13 | 13.1
Dodging        | |  3.0

Action                   |  1- 3 |  4- 6 |  7- 9 | 10-12 || total
-------------------------+-------+-------+-------+-------++-------
Melee: Dagger            |     7 |     2 |    49 |    12 ||    70
 Cast: Ensorcelled Hiber |     2 |       |     1 |     9 ||    12
       Confuse           |     1 |       |     6 |     7 ||    14
       Dazzling Spray    |       |       |    19 |       ||    19
Invok: Shadow Step       |       |       |       |     1 ||     1
 Stab: Sleeping          |     7 |     2 |    11 |     5 ||    25
       Confused          |       |       |     4 |       ||     4
Dodge: Dodged            |       |       |    10 |     9 ||    19
